 Dungeon Crawl Stone Soup version 0.27.1-34-g3ba077fa99 (webtiles) character file.

Game seed: 8091878488910454731

132 McKennaii the Skirmisher (level 4, 0/37 HPs)
             Began as a Demonspawn Fighter on Jan 15, 2022.
             Killed by divine providence
             ... invoked by an orc priest
              (15 damage)
             ... on level 3 of the Dungeon.
             The game lasted 00:02:20 (1892 turns).

McKennaii the Skirmisher (Demonspawn Fighter)       Turns: 1892, Time: 00:02:20

Health: 0/37       AC:  8    Str: 17    XL:     4   Next: 92%
Magic:  4/4        EV:  9    Int:  9    God:
Gold:   130        SH:  0    Dex: 13    Spells: 3/3 levels left

rFire    . . .     SeeInvis .   a - +0 trident
rCold    . . .     Faith    .   c - +0 kite shield
rNeg     . . .     Spirit   .   b - +0 scale mail
rPois    +         Reflect  .   k - +0 helmet
rElec    .         Harm     .   (no cloak)
rCorr    .         Rampage  .   (no gloves)
Will     .....                  (no boots)
Stlth    ..........             (no amulet)
HPRegen  0.12/turn              l - ring of poison resistance
MPRegen  0.09/turn              (no ring)

@: confused, mighty
A: hooves 1, repulsion field 1
a: no special abilities


You were on level 3 of the Dungeon.
You visited 1 branch of the dungeon, and saw 3 of its levels.

You collected 130 gold pieces.

Inventory:

Hand Weapons
 a - a +0 trident (weapon)
Armour
 b - a +0 scale mail (worn)
 c - a +0 kite shield (worn)
 k - a +0 helmet (worn)
Jewellery
 l - a ring of poison resistance (left hand)
Scrolls
 g - 2 scrolls of enchant armour {unknown}
 i - a scroll of vulnerability {unknown}
Potions
 f - a potion of degeneration {unknown}
 h - a potion of curing {unknown}
 j - a potion of heal wounds {unknown}


   Skills:
 + Level 3.6 Fighting
 * Level 3.2 Polearms
 + Level 3.3 Armour
 + Level 3.3 Shields


You had 3 spell levels left.
You didn't know any spells.
Your spell library was empty.

Dungeon Overview and Level Annotations

Branches:
Dungeon (3/15)

Altars:
Makhleb
Okawaru


Innate Abilities, Weirdness & Mutations

You have large cloven feet.
You are surrounded by a mild repulsion field. (EV +2)


Message History

The puff of flame hits you!
You hit something. Your kick misses something.
The orc priest hits you but does no damage.
You hear some strange, mumbled words.
You are more confused.
The orc priest barely misses you.
Unknown command.
You feel very mighty all of a sudden.
You hear some strange, mumbled words.
You are more confused.
The orc priest hits you with a +0 hand axe.
You puncture something!
Reactivating autopickup.
You feel a bit more experienced.
The orc priest hits you but does no damage.
You bump into the rock wall.
The orc priest hits you but does no damage.
You bump into the rock wall.
The orc priest miscasts a cantrip.
You bump into the rock wall.
The orc priest hits you with a +0 hand axe.
You're too confused to move!
The orc priest hits you but does no damage.
You hit the orc priest. You kick the orc priest.
The orc priest is severely wounded.
The orc priest closely misses you.
You bump into the rock wall.
The orc priest hits you with a +0 hand axe.
You bump into the rock wall.
The orc priest begins to cast a cantrip, but forgets the words!
You bump into the rock wall.
The orc priest hits you with a +0 hand axe.
Things that are here:
a +0 dagger; a +0 robe; an orc corpse You bump into the rock wall.
The orc priest looks braver for a moment.
You bump into the rock wall.
The orc priest invokes the aid of Beogh against you.
Beogh smites you!
You die...

#.###≈ #...## #.#...
#######.#### ######
#.......# ...... #.#######
#...### #.#
#....########.#########
##....o@<.÷.....†......
##..#.####.#############
..#...#..........#
.............###.#
##....##.#######.#########
####. #..# #.....†......
#####'####.#########..
#.......#.# #.⌠...⌠.#.#


You could see an orc priest.

Vanquished Creatures
  An iguana (D:3)
  An orc wizard (D:3)
  3 adders
  5 orcs (D:3)
  6 ball pythons
  2 endoplasms
  2 giant cockroaches (D:1)
  5 goblins
  6 hobgoblins
  6 kobolds
  A quokka (D:2)
  4 bats
  3 frilled lizards
  5 rats
50 creatures vanquished.

Notes
Turn   | Place    | Note
-------+----------+-------------------------------------------
     0 | D:1      | McKennaii the Demonspawn Fighter began the quest for the
                  | Orb.
     0 | D:1      | Reached XP level 1. HP: 18/18 MP: 1/1
   206 | D:1      | Gained mutation: You are surrounded by a mild repulsion
                  | field. (EV +2) [demonic ancestry]
   206 | D:1      | Reached XP level 2. HP: 24/24 MP: 2/2
   327 | D:1      | Found a faded altar of an unknown god.
   327 | D:1      | Noticed a great orb of eyes
   332 | D:1      | Noticed a golden eye
   370 | D:1      | Noticed an eye of devastation
   370 | D:1      | Noticed a floating eye
   950 | D:2      | Reached XP level 3. HP: 29/29 MP: 3/3
  1296 | D:3      | Gained mutation: You have large cloven feet. [demonic
                  | ancestry]
  1296 | D:3      | Reached XP level 4. HP: 33/35 MP: 4/4
  1314 | D:3      | Found an iron altar of Okawaru.
  1648 | D:3      | Found a burning altar of Makhleb.
  1892 | D:3      | Killed from afar by an orc priest

Illustrated notes

Levels and vault maps discovered:
D:1:      dpeg_arrival_morbid_curiosity, layout_basic,
          hellmonk_ecumenical_altar_watching_god
D:2:      layout_rooms, st_stairs_14
D:3:      cheibrodos_helix_gallery, layout_loops_ring, okawaru_gym_becter,
          mainiacjoe_overflow_small_starburst, minmay_fountain_box,
          kennysheep_small_spiral

Skill      XL: |  1  2  3  4 |
---------------+-------------+-----
Polearms       | 2 3 |  3.2
Armour         | 3 |  3.3
Shields        | 3 |  3.3
Fighting       | |  3.6

Action                   |  1- 3 |  4- 6 || total
-------------------------+-------+-------++-------
Melee: Trident           |   111 |    46 ||   157
       Kick              |       |     7 ||     7
  Use: Potion            |       |     2 ||     2
Armor: Scale mail        |    32 |    21 ||    53
Dodge: Dodged            |    29 |    16 ||    45
Block: Kite shield       |    42 |    16 ||    58
